AoeStats
← K

Lombardia

509432870Analyzed
4v4 RM · 7d ago on Sep 26, 2026· 54m 41s· 8 players
Game mode
Random Map
Map size
Large (8 player)
Population
200
Speed
Normal
Resources
Standard
Victory
Conquest
Starting age
Dark Age
Ending age
Imperial Age
RankedLock teamsTeams togetherTeam positionsShared explorationLock speedFull tech treeHidden civsTurbo modeCheats
Victory
Defeat
🇬🇧 Dravidians · United Kingdom
1207
+13
🇷🇺 Spanish · Russia
1150
+15
🇷🇺 Tatars · Russia
1141
+15
🇨🇳 Jurchens · China
1052
+19
🇩🇪 Danes · Germany
1174
-17
🇩🇪 Byzantines · Germany
1129
-16
🇩🇪 Tupi · Germany
1103
-15
🇵🇱 Persians · Poland
1100
-14
kriket
3:05 Loom
13:21 Feudal Age
19:30 Castle Age
18:13 Double-Bit Axe
19:58 Scale Barding Armor
25:24 Bloodlines
25:23 Husbandry
26:52 Horse Collar
29:02 Forging
29:50 Heavy Plow
33:31 Bow Saw
34:47 Wheelbarrow
34:00 Town Watch
37:50 Imperial Age
36:23 Hand Cart
38:09 Caravan
38:52 Coinage
38:13 Elite Conquistador
39:14 Conscription
39:00 Padded Archer Armor
38:51 Fletching
38:47 Light Cavalry
41:05 Two-Man Saw
40:00 Gold Mining
40:52 Leather Archer Armor
42:10 Chemistry
41:31 Ballistics
42:50 Guilds
50:11 Ring Archer Armor
49:39 Murder Holes
49:55 Masonry
49:45 Bodkin Arrow
50:14 Chain Barding Armor
50:31 Iron Casting
52:54 Hussar
YuangXue
11:44 Feudal Age
16:07 Castle Age
14:11 Double-Bit Axe
14:11 Horse Collar
18:52 Wheelbarrow
18:30 Bow Saw
20:07 Hand Cart
25:15 Squires
25:50 Gold Mining
27:47 Gold Shaft Mining
30:37 Imperial Age
29:39 Scale Mail Armor
30:10 Forging
31:12 Stone Mining
30:57 Elite Fire Lancer
32:24 Siege Engineers
31:46 Heavy Rocket Cart
33:29 Chain Mail Armor
35:45 Ballistics
40:53 Thunderclap Bombs
41:48 Conscription
41:33 Fortified Bastions
48:41 Fletching
49:22 Guard Tower
49:12 Treadmill Crane
50:33 Chemistry
49:18 Arrowslits
49:44 Masonry
49:44 Fortified Wall
Sussy_Floppa
7:48 Loom
10:31 Feudal Age
11:07 Double-Bit Axe
14:41 Forging
14:35 Horse Collar
21:57 Castle Age
21:12 Bloodlines
20:54 Fletching
22:42 Bodkin Arrow
24:49 Ballistics
26:44 Wheelbarrow
26:30 Husbandry
32:56 Bow Saw
32:37 Gold Mining
34:27 Heavy Plow
38:02 Imperial Age
35:18 Town Watch
35:35 Padded Archer Armor
37:18 Hand Cart
37:16 Scale Barding Armor
37:47 Iron Casting
37:14 Treadmill Crane
37:45 Masonry
37:46 Fortified Wall
38:15 Gold Shaft Mining
37:41 Stone Mining
39:22 Chain Barding Armor
38:41 Elite Steppe Lancer
40:10 Caravan
40:22 Guilds
42:30 Crop Rotation
42:37 Plate Barding Armor
43:02 Conscription
42:45 Silk Armor
44:42 Light Cavalry
46:25 Hussar
49:53 Chemistry
48:40 Heavy Cavalry Archer
49:54 Bracer
51:54 Timurid Siegecraft
52:16 Bombard Tower
54:27 Siege Engineers
K
10:58 Feudal Age
17:01 Castle Age
15:01 Double-Bit Axe
22:53 Wheelbarrow
22:01 Horse Collar
24:49 Bow Saw
26:32 Heavy Plow
26:51 Hand Cart
26:21 Town Watch
26:23 Loom
28:12 Fletching
28:23 Padded Archer Armor
31:34 Imperial Age
28:59 Gold Mining
29:02 Stone Mining
30:41 Bodkin Arrow
31:01 Leather Archer Armor
31:12 Thumb Ring
31:59 Elite Elephant Archer
32:44 Bracer
33:14 Ring Archer Armor
34:03 Chemistry
33:38 Conscription
34:58 Two-Man Saw
35:29 Wootz Steel
36:09 Forging
36:01 Scale Mail Armor
36:07 Town Patrol
37:57 Iron Casting
54:05 Caravan
gruenli
11:53 Feudal Age
16:23 Castle Age
14:30 Double-Bit Axe
17:55 Bow Saw
18:11 Horse Collar
18:33 Crossbowman
21:54 Loom
22:48 Wheelbarrow
23:22 Heavy Plow
25:15 Thumb Ring
26:56 Fletching
27:07 Padded Archer Armor
28:13 Ballistics
27:54 Pikeman
33:38 Imperial Age
31:26 Hand Cart
31:34 Bodkin Arrow
32:11 Elite Skirmisher
36:08 Chemistry
35:12 Bracer
35:14 Gold Mining
36:15 Leather Archer Armor
36:50 Block Printing
36:45 Arbalester
37:51 Fortified Wall
37:25 Treadmill Crane
39:31 Two-Man Saw
45:50 Sanctity
45:41 Fervor
45:43 Redemption
Der Betreuer
11:06 Feudal Age
14:13 Wheelbarrow
13:54 Double-Bit Axe
13:50 Horse Collar
18:02 Loom
22:26 Castle Age
21:57 Stone Mining
22:00 Gold Mining
24:13 Hand Cart
23:54 Fletching
24:10 Squires
23:36 Pikeman
24:20 Padded Archer Armor
25:07 Bow Saw
24:59 Heavy Plow
25:34 Gold Shaft Mining
26:05 Gold Shaft Mining
25:30 Heavy Plow
27:42 Bodkin Arrow
28:28 Leather Archer Armor
27:59 Champi Runner
28:26 Arson
34:12 Imperial Age
35:13 Conscription
34:16 Elite Blackwood Archer
35:44 Curare
35:51 Curare
37:02 Crossbowman
39:05 Elite Skirmisher
40:56 Bracer
41:27 Ring Archer Armor
42:31 Ballistics
43:47 Halberdier
45:51 Chemistry
jkeR.!
10:31 Feudal Age
15:34 Castle Age
13:28 Double-Bit Axe
17:50 Loom
18:34 Horse Collar
26:26 Bow Saw
26:18 Heavy Plow
26:11 Gold Mining
27:44 Gold Shaft Mining
31:12 Imperial Age
29:59 Wheelbarrow
29:48 Stone Mining
33:06 Stone Shaft Mining
33:41 Hand Cart
35:18 Conscription
36:58 Crop Rotation
37:55 Bloodlines
37:45 Husbandry
37:59 Forging
37:54 Scale Barding Armor
37:52 Cavalier
42:02 Chain Barding Armor
42:18 Iron Casting
42:00 Elite Skirmisher
42:45 Thumb Ring
45:14 Fletching
45:25 Padded Archer Armor
46:09 Kamandaran
48:31 Ballistics
49:11 Chemistry
49:49 Two-Man Saw
49:34 Light Cavalry
51:06 Bodkin Arrow
51:28 Leather Archer Armor
51:49 Caravan
52:30 Hussar
Finne
5:19 Loom
10:32 Feudal Age
11:02 Double-Bit Axe
16:03 Castle Age
14:33 Horse Collar
19:03 Bow Saw
22:09 Wheelbarrow
23:59 Heavy Plow
25:33 Hand Cart
26:01 Town Watch
30:00 Imperial Age
29:17 Gold Mining
29:40 Squires
29:43 Scale Mail Armor
29:53 Forging
31:34 Chain Mail Armor
31:54 Iron Casting
34:56 Plate Mail Armor
35:28 Blast Furnace
35:34 Elite Varangian Guard
36:22 Fletching
37:41 Hamask
39:36 Gold Shaft Mining
44:21 Conscription
43:45 Pikeman
45:27 Halberdier
Connection lost

Rejoining the realm…

Still unreachable

The connection could not be restored.

Session expired

The server has moved on; the page needs a fresh start.